NCAA
OKLAHOMA STATE COWBOYS @ MICHIGAN WOLVERINES
05/05/2029
 
TOP OF THE 1ST
Oklahoma State Cowboys batting - Pitching for Michigan Wolverines : LHP 聲ibal Miranda
Pitching: LHP 聲ibal Miranda
Batting: RHB Derrek Lane 0-0: Ball
1-0: Ball
2-0: Foul Ball, location: 2F
2-1: Foul Ball, location: 2F
2-2: Ball
3-2: Strikes out looking
Batting: RHB Eddie Fisher 0-0: Ball
1-0: Ball
2-0: Ball
3-0: Base on Balls
Batting: SHB Jacob Lachance 0-0: Fielders Choice at 2nd, 5-4 (Groundball, 5)
Batting: RHB Hank Quinn 0-0: Ball
1-0: Ball
2-0: Ball
3-0: Base on Balls
Jacob Lachance to second
Batting: SHB Ernest Hood 0-0: Fielders Choice at 2nd, 6-4 (Groundball, 6)
Top of the 1st over - 0 runs, 0 hits, 0 errors, 2 left on base; Oklahoma State 0 - Michigan 0
BOTTOM OF THE 1ST
Michigan Wolverines batting - Pitching for Oklahoma State Cowboys : LHP John Curtis
Pitching: LHP John Curtis
Batting: LHB Dustin Jones 0-0: SINGLE (Line Drive, 89S)
Batting: LHB Myron Reynolds 0-0: Called Strike
0-1: Foul Ball, location: 2F
0-2: Ball
Wild Pitch!
Dustin Jones to second
1-2: Ball
2-2: Foul Ball, location: 2F
2-2: Ball
3-2: Foul Ball, location: 2F
3-2: Base on Balls
Batting: RHB Bob Casey 0-0: Ball
1-0: Called Strike
1-1: Ball
2-1: Foul Ball, location: 2F
2-2: Ball
3-2: Foul Ball, location: 2F
3-2: Foul Ball, location: 2F
3-2: Base on Balls
Dustin Jones to third
Myron Reynolds to second
Batting: RHB Bob Caldwell 0-0: Ball
1-0: Fielders Choice at 2nd, 6-4 (Groundball, 56)
Dustin Jones scores
Myron Reynolds to third
Batting: LHB Mark Wilson 0-0: Foul Ball, location: 2F
0-1: Ball
1-1: Foul Ball, location: 2F
1-2: Strikes out swinging
Batting: LHB Ken Miller 0-0: Foul Ball, location: 2F
0-1: 3-RUN HOME RUN (Flyball, 9D), Distance : 366 ft
Batting: SHB Carl Murphy 0-0: Fly out, F9 (Flyball, 9LMF)
Bottom of the 1st over - 4 runs, 2 hits, 0 errors, 0 left on base; Oklahoma State 0 - Michigan 4
TOP OF THE 2ND
Oklahoma State Cowboys batting - Pitching for Michigan Wolverines : LHP 聲ibal Miranda
Batting: RHB Dennis Ingram 0-0: Called Strike
0-1: Called Strike
0-2: Ball
1-2: Foul Ball, location: 2F
1-2: Foul Ball, location: 2F
1-2: Ball
2-2: Foul Ball, location: 2F
2-2: Ball
3-2: Base on Balls
Batting: RHB Ricardo Toledo 0-0: Ball
1-0: Ball
2-0: Called Strike
2-1: Ball
3-1: Base on Balls
Dennis Ingram to second
Batting: RHB Tony Swanson 0-0: Called Strike
0-1: Ball
1-1: SINGLE (Groundball, 34D)
Dennis Ingram to third
Ricardo Toledo to second
Batting: RHB Flynn Roberts 0-0: Swinging Strike
0-1: Ball
1-1: Foul Ball, location: 2F
1-2: Foul Ball, location: 2F
1-2: Ball
2-2: Strikes out looking
Batting: RHB Derrek Lane 0-0: Called Strike
0-1: Called Strike
0-2: Ball
1-2: Strikes out swinging
Batting: RHB Eddie Fisher 0-0: Hit by Pitch
Dennis Ingram scores
Ricardo Toledo to third
Tony Swanson to second
Batting: SHB Jacob Lachance 0-0: Ball
1-0: Called Strike
1-1: Called Strike
1-2: Ball
2-2: Ball
3-2: Strikes out looking
Top of the 2nd over - 1 run, 1 hit, 0 errors, 3 left on base; Oklahoma State 1 - Michigan 4
BOTTOM OF THE 2ND
Michigan Wolverines batting - Pitching for Oklahoma State Cowboys : LHP John Curtis
Batting: RHB David Morgan 0-0: Called Strike
0-1: Fly out, F3 (Popup, 3SF)
Batting: RHB Miguel Vega 0-0: Ball
1-0: Foul Ball, location: 2F
1-1: Fly out, F8 (Flyball, 8RM)
Batting: LHB Dustin Jones 0-0: Called Strike
0-1: Foul Ball, location: 2F
0-2: Ball
1-2: Foul Ball, location: 2F
1-2: SINGLE (Line Drive, 56)
Batting: LHB Myron Reynolds 0-0: Fly out, F7 (Flyball, 7S)
Bottom of the 2nd over - 0 runs, 1 hit, 0 errors, 1 left on base; Oklahoma State 1 - Michigan 4
TOP OF THE 3RD
Oklahoma State Cowboys batting - Pitching for Michigan Wolverines : LHP 聲ibal Miranda
Batting: RHB Hank Quinn 0-0: Called Strike
0-1: Foul Ball, location: 2F
0-2: Foul Ball, location: 2F
0-2: SINGLE (Groundball, 34S) (infield hit)
Batting: SHB Ernest Hood 0-0: Called Strike
0-1: Grounds into double play, 6-4-3 (Groundball, 6M)
Batting: RHB Dennis Ingram 0-0: Hit by Pitch
Pinch Runner at 1st Myles Hopkins:
Batting: RHB Ricardo Toledo 0-0: Ball
Myles Hopkins is caught stealing 2nd base
Top of the 3rd over - 0 runs, 1 hit, 0 errors, 0 left on base; Oklahoma State 1 - Michigan 4
BOTTOM OF THE 3RD
Michigan Wolverines batting - Pitching for Oklahoma State Cowboys : LHP John Curtis
Now at SS: Myles Hopkins
Batting: RHB Bob Casey 0-0: Called Strike
0-1: Ball
1-1: Ball
2-1: Ground out 5-3 (Groundball, 5L)
Batting: RHB Bob Caldwell 0-0: Swinging Strike
0-1: Ball
1-1: SINGLE (Line Drive, 4D)
Batting: LHB Mark Wilson 0-0: Fly out, F9 (Flyball, 89M)
Batting: LHB Ken Miller 0-0: Ball
1-0: Ball
2-0: Foul Ball, location: 2F
2-1: Ball
3-1: Base on Balls
Bob Caldwell to second
Batting: SHB Carl Murphy 0-0: Fly out, F8 (Line Drive, 8RD)
Bottom of the 3rd over - 0 runs, 1 hit, 0 errors, 2 left on base; Oklahoma State 1 - Michigan 4
TOP OF THE 4TH
Oklahoma State Cowboys batting - Pitching for Michigan Wolverines : LHP 聲ibal Miranda
Batting: RHB Ricardo Toledo 0-0: Ball
1-0: Fly out, F7 (Flyball, 7LMF)
Batting: RHB Tony Swanson 0-0: Foul Ball, location: 2F
0-1: Called Strike
0-2: Ball
1-2: Ball
2-2: Ball
3-2: SINGLE (Groundball, 5D)
Batting: RHB Flynn Roberts 0-0: Foul Ball, location: 2F
0-1: Ball
1-1: SINGLE (Groundball, 4MS) (infield hit)
Tony Swanson to second
Batting: RHB Derrek Lane 0-0: Ball
1-0: Foul Ball, location: 2F
1-1: Ball
2-1: Ball
3-1: Foul Ball, location: 2F
3-2: Foul Ball, location: 2F
3-2: 3-RUN HOME RUN (Flyball, 78XD), Distance : 365 ft
Batting: RHB Eddie Fisher 0-0: Called Strike
0-1: Ball
1-1: Ground out 6-3 (Groundball, 6)
Batting: SHB Jacob Lachance 0-0: Hit by Pitch
Pitching: RHP Edwin Rogers
Batting: RHB Hank Quinn 0-0: Called Strike
Jacob Lachance steals 2nd base
0-1: Called Strike
0-2: Ball
Wild Pitch!
Jacob Lachance to third
1-2: Ball
2-2: Ball
3-2: Ground out 1-3 (Groundball, 15)
Top of the 4th over - 3 runs, 3 hits, 0 errors, 1 left on base; Oklahoma State 4 - Michigan 4
BOTTOM OF THE 4TH
Michigan Wolverines batting - Pitching for Oklahoma State Cowboys : LHP John Curtis
Batting: RHB David Morgan 0-0: Ball
1-0: Foul Ball, location: 2F
1-1: Ball
2-1: SINGLE (Groundball, 6MD)
Batting: RHB Miguel Vega 0-0: Called Strike
0-1: Swinging Strike
0-2: Foul Ball, location: 2F
0-2: Ball
1-2: Fielders Choice at 2nd, 5-4 (Groundball, 56)
Batting: LHB Dustin Jones 0-0: Called Strike
0-1: Ball
1-1: Fly out, F5 (Popup, 5SF)
Batting: LHB Myron Reynolds 0-0: Foul Ball, location: 2F
0-1: Swinging Strike
0-2: Fly out, F8 (Line Drive, 8LM)
Bottom of the 4th over - 0 runs, 1 hit, 0 errors, 1 left on base; Oklahoma State 4 - Michigan 4
TOP OF THE 5TH
Oklahoma State Cowboys batting - Pitching for Michigan Wolverines : RHP Edwin Rogers
Batting: SHB Ernest Hood 0-0: Ball
1-0: Swinging Strike
1-1: Called Strike
1-2: Ball
2-2: Strikes out swinging
Batting: SHB Myles Hopkins 0-0: Ball
1-0: SOLO HOME RUN (Line Drive, 89XD), Distance : 388 ft
Batting: RHB Ricardo Toledo 0-0: Ball
1-0: Ball
2-0: Ball
3-0: Base on Balls
Batting: RHB Tony Swanson 0-0: Called Strike
0-1: Ball
1-1: Ball
2-1: Foul Ball, location: 2F
2-2: Foul Ball, location: 2F
2-2: Foul Ball, location: 2F
2-2: SINGLE (Line Drive, 8LS)
Ricardo Toledo to second
Batting: RHB Flynn Roberts 0-0: Called Strike
0-1: Foul Ball, location: 2F
0-2: Grounds into double play, 6-4-3 (Groundball, 6)
Top of the 5th over - 1 run, 2 hits, 0 errors, 1 left on base; Oklahoma State 5 - Michigan 4
BOTTOM OF THE 5TH
Michigan Wolverines batting - Pitching for Oklahoma State Cowboys : LHP John Curtis
Batting: RHB Bob Casey 0-0: Ball
1-0: Called Strike
1-1: Fly out, F7 (Flyball, 78M)
Batting: RHB Bob Caldwell 0-0: Called Strike
0-1: Ground out 6-3 (Groundball, 6S)
Batting: LHB Mark Wilson 0-0: Foul Ball, location: 2F
0-1: Foul Ball, location: 2F
0-2: Foul Ball, location: 2F
0-2: Ball
1-2: Ball
2-2: Foul Ball, location: 2F
2-2: SINGLE (Line Drive, 34D)
Pitching: RHP Ryan Park
Batting: LHB Ken Miller 0-0: Ball
1-0: Ball
2-0: Ball
3-0: Called Strike
3-1: Fly out, F8 (Flyball, 8RD)
Bottom of the 5th over - 0 runs, 1 hit, 0 errors, 1 left on base; Oklahoma State 5 - Michigan 4
TOP OF THE 6TH
Oklahoma State Cowboys batting - Pitching for Michigan Wolverines : RHP Edwin Rogers
Batting: RHB Derrek Lane 0-0: Ball
1-0: Called Strike
1-1: Ball
2-1: Swinging Strike
2-2: Foul Ball, location: 2F
2-2: Ball
3-2: Strikes out swinging
Batting: RHB Eddie Fisher 0-0: Ball
1-0: Ball
2-0: Foul Ball, location: 2F
2-1: Foul Ball, location: 2F
2-2: Strikes out swinging, 2-3 out at first.
Batting: SHB Jacob Lachance 0-0: SINGLE (Groundball, 6MD)
Batting: RHB Hank Quinn 0-0: Swinging Strike
0-1: Ball
Jacob Lachance steals 2nd base
1-1: Called Strike
1-2: Fly out, F7 (Flyball, 7LS)
Top of the 6th over - 0 runs, 1 hit, 0 errors, 1 left on base; Oklahoma State 5 - Michigan 4
BOTTOM OF THE 6TH
Michigan Wolverines batting - Pitching for Oklahoma State Cowboys : RHP Ryan Park
Batting: SHB Carl Murphy 0-0: Called Strike
0-1: Ball
1-1: Called Strike
1-2: Strikes out swinging
Batting: RHB David Morgan 0-0: SINGLE (Flyball, 89S)
Batting: RHB Miguel Vega 0-0: Ball
1-0: Ball
2-0: Ball
3-0: Called Strike
3-1: Foul Ball, location: 2F
3-2: Foul Ball, location: 2F
3-2: Foul Ball, location: 2F
3-2: Base on Balls
David Morgan to second
Batting: LHB Dustin Jones 0-0: Ball
1-0: Ball
2-0: Foul Ball, location: 2F
2-1: Ball
3-1: Base on Balls
David Morgan to third
Miguel Vega to second
Batting: LHB Myron Reynolds 0-0: Called Strike
0-1: Ball
Wild Pitch!
David Morgan scores
Miguel Vega to third
Dustin Jones to second
1-1: Swinging Strike
1-2: Foul Ball, location: 2F
1-2: Ball
2-2: Ball
Wild Pitch!
Miguel Vega scores
Dustin Jones to third
3-2: Foul Ball, location: 2F
3-2: Base on Balls
Batting: RHB Bob Casey 0-0: Foul Ball, location: 2F
0-1: Fly out, F8 (Flyball, 8LM)
Runner from 3rd tags up, SCORES, throw made
Pitching: RHP Fernando Castillo
Batting: RHB Bob Caldwell 0-0: Swinging Strike
0-1: Fly out, F7 (Flyball, 7)
Bottom of the 6th over - 3 runs, 1 hit, 0 errors, 1 left on base; Oklahoma State 5 - Michigan 7
TOP OF THE 7TH
Oklahoma State Cowboys batting - Pitching for Michigan Wolverines : RHP Edwin Rogers
Batting: SHB Ernest Hood 0-0: Fly out, F7 (Flyball, 7LS)
Batting: SHB Myles Hopkins 0-0: Ball
1-0: Foul Ball, location: 2F
1-1: Ball
2-1: Swinging Strike
2-2: Foul Ball, location: 2F
2-2: Foul Ball, location: 2F
2-2: SINGLE (Line Drive, 4MD)
Batting: RHB Ricardo Toledo 0-0: Ball
1-0: Ball
2-0: Foul Ball, location: 2F
2-1: Ball
3-1: Base on Balls
Myles Hopkins to second
Batting: RHB Tony Swanson 0-0: Ball
1-0: Ball
2-0: Ball
3-0: Base on Balls
Myles Hopkins to third
Ricardo Toledo to second
Batting: RHB Flynn Roberts 0-0: Ball
1-0: Ball
2-0: Called Strike
2-1: Foul Ball, location: 2F
2-2: Fly out, F9 (Flyball, 9LMF)
Runner from 3rd tags up, SCORES, no throw
Batting: RHB Derrek Lane 0-0: Ball
1-0: Foul Ball, location: 2F
1-1: Fielders Choice at 2nd, 6-4 (Groundball, 6)
Top of the 7th over - 1 run, 1 hit, 0 errors, 2 left on base; Oklahoma State 6 - Michigan 7
BOTTOM OF THE 7TH
Michigan Wolverines batting - Pitching for Oklahoma State Cowboys : RHP Fernando Castillo
Pitching: LHP Alan Stewart
Batting: LHB Mark Wilson 0-0: Ball
1-0: Ball
2-0: SINGLE (Groundball, 34D)
Pinch Hitting: RHB Mark Roy 0-0: Ball
1-0: Called Strike
1-1: Ball
2-1: Foul Ball, location: 2F
2-2: Foul Ball, location: 2F
2-2: Ball
3-2: Fly out, F7 (Flyball, 7S)
Pitching: RHP Alberto P廨ez
Batting: SHB Carl Murphy 0-0: Ball
1-0: Foul Ball, location: 2F
1-1: Called Strike
1-2: Ball
2-2: Strikes out swinging
Batting: RHB David Morgan 0-0: Called Strike
0-1: Ball
1-1: Called Strike
1-2: Strikes out looking
Bottom of the 7th over - 0 runs, 1 hit, 0 errors, 1 left on base; Oklahoma State 6 - Michigan 7
TOP OF THE 8TH
Oklahoma State Cowboys batting - Pitching for Michigan Wolverines : RHP Edwin Rogers
Now at 1B: Mike Clyne
Now at 3B: Mark Roy
Batting: RHB Eddie Fisher 0-0: Ball
1-0: Foul Ball, location: 2F
1-1: Called Strike
1-2: SOLO HOME RUN (Line Drive, 7LD), Distance : 317 ft
Pitching: LHP Jonathan Bogan
Batting: SHB Jacob Lachance 0-0: Fly out, F8 (Flyball, 78M)
Batting: RHB Hank Quinn 0-0: Ball
1-0: Called Strike
1-1: Called Strike
1-2: Foul Ball, location: 2F
1-2: Ball
2-2: Ground out 6-3 (Groundball, 6)
Batting: SHB Ernest Hood 0-0: Foul Ball, location: 2F
0-1: Ball
1-1: Swinging Strike
1-2: Foul Ball, location: 2F
1-2: Ball
2-2: Foul Ball, location: 2F
2-2: Ball
3-2: Strikes out swinging
Top of the 8th over - 1 run, 1 hit, 0 errors, 0 left on base; Oklahoma State 7 - Michigan 7
BOTTOM OF THE 8TH
Michigan Wolverines batting - Pitching for Oklahoma State Cowboys : RHP Alberto P廨ez
Batting: RHB Miguel Vega 0-0: Called Strike
0-1: Ball
1-1: SINGLE (Line Drive, 6MD)
Batting: LHB Dustin Jones 0-0: Ball
1-0: Ball
2-0: Ball
3-0: Called Strike
3-1: 2-RUN HOME RUN (Flyball, 9D), Distance : 349 ft
Pitching: RHP Manuel Fern嫕dez
Batting: LHB Myron Reynolds 0-0: Ball
1-0: Fly out, F8 (Flyball, 8LD)
Batting: RHB Bob Casey 0-0: Ball
1-0: Ball
2-0: Called Strike
2-1: Foul Ball, location: 2F
2-2: Foul Ball, location: 2F
2-2: SINGLE (Line Drive, 56D)
Batting: RHB Bob Caldwell 0-0: Ball
1-0: SINGLE (Flyball, 78S)
Bob Casey to second
Batting: RHB Mike Clyne 0-0: Ball
1-0: Ball
2-0: Fly out, F7 (Flyball, 7)
Batting: RHB Mark Roy 0-0: Ball
1-0: Ball
2-0: Ball
3-0: Base on Balls
Bob Casey to third
Bob Caldwell to second
Batting: SHB Carl Murphy 0-0: DOUBLE (Line Drive, 9LM)
Bob Casey scores
Bob Caldwell scores
Mark Roy to third
Runner from 3rd tries for Home, SAFE, no throw
Batting: RHB David Morgan 0-0: Ball
1-0: Foul Ball, location: 2F
1-1: Swinging Strike
1-2: Foul Ball, location: 2F
1-2: Ball
2-2: Strikes out swinging
Bottom of the 8th over - 5 runs, 5 hits, 0 errors, 1 left on base; Oklahoma State 7 - Michigan 12
TOP OF THE 9TH
Oklahoma State Cowboys batting - Pitching for Michigan Wolverines : LHP Jonathan Bogan
Batting: SHB Myles Hopkins 0-0: Ball
1-0: Swinging Strike
1-1: Swinging Strike
1-2: Foul Ball, location: 2F
1-2: Strikes out swinging
Batting: RHB Ricardo Toledo 0-0: Ball
1-0: Ball
2-0: Called Strike
2-1: Foul Ball, location: 2F
2-2: Foul Ball, location: 2F
2-2: Ball
3-2: Foul Ball, location: 2F
3-2: Strikes out swinging
Batting: RHB Tony Swanson 0-0: Ball
1-0: Fly out, F9 (Line Drive, 89M)
Top of the 9th over - 0 runs, 0 hits, 0 errors, 0 left on base; Oklahoma State 7 - Michigan 12
Saturday, December 16th, 2017 - OOTP Baseball 18.8 Build 76